 Dungeon Crawl Stone Soup version 0.24-a0-458-gfcb5e6da0e (webtiles) character file.

Game seed: 16395015441782557181

428 MisterFreud the Sneak (level 6, -6/36 HPs)
             Began as an Octopode Fire Elementalist on June 26, 2019.
             Mangled by an ogre
             ... wielding a +0 giant spiked club
              (21 damage)
             ... on level 4 of the Dungeon.
             The game lasted 00:07:49 (3477 turns).

MisterFreud the Sneak (Octopode Fire Elementalist)  Turns: 3477, Time: 00:07:50

Health: -6/36      AC:  1    Str:  7    XL:     6   Next: 98%
Magic:  10/11      EV: 16    Int: 19    God:
Gold:   189        SH:  0    Dex: 13    Spells: 10/11 levels left

rFire    + . .     SeeInvis .   h - +2 short sword (freeze)
rCold    . . .     Gourm    .   (no shield)
rNeg     . . .     Faith    .   (helmet restricted)
rPois    +         Spirit   .   (no amulet)
rElec    +         Reflect  .   f - +3 ring of evasion (curse)
rCorr    .         Harm     .   r - ring of teleportation (curse)
MR       .....     Rnd*Tele +   v - ring "Baetweudgh" {rElec rPois rF+ Stlth-}
Stlth    +++.......             (no ring)
HPRegen  0.12/turn              (no ring)
MPRegen  0.12/turn              (no ring)
                                (no ring)
                                (no ring)

@: no status effects
A: almost no armour, stealthy swim, amphibious, 8 rings, constrict 8, camouflage
1, gelatinous body 1
a: no special abilities


You were on level 4 of the Dungeon.
You were not hungry.

You visited 1 branch of the dungeon, and saw 4 of its levels.

You collected 189 gold pieces.

Inventory:

Hand Weapons
 h - a +2 short sword of freezing (weapon)
 i - a +0 dagger
 j - a +0 hunting sling
Missiles
 a - 178 stones (quivered)
 d - 17 bolts
 o - 18 sling bullets
Jewellery
 f - a cursed +3 ring of evasion (left tentacle)
 p - an uncursed ring of ice
 r - a cursed ring of teleportation (right tentacle)
 s - an uncursed ring of ice
 v - the ring "Baetweudgh" (on tentacle) {rElec rPois rF+ Stlth-}
   (You found it on level 4 of the Dungeon)

   [ring of attention]

   It protects you from fire.
   It insulates you from electricity.
   It protects you from poison.
   It makes you less stealthy.
Wands
 l - a wand of clouds (2)
 m - a wand of flame (17)
Potions
 c - a potion of resistance {unknown}
 e - a potion of ambrosia
 g - 3 potions of curing
 k - a potion of magic {unknown}
 n - a potion of agility {unknown}
 q - a potion of flight {unknown}
Comestibles
 b - 7 rations


   Skills:
 - Level 2.0 Dodging
 + Level 5.0 Stealth
 + Level 3.4 Spellcasting
 + Level 4.3 Conjurations
 + Level 4.3 Fire Magic


You had 10 spell levels left.
You knew the following spells:

 Your Spells              Type           Power        Failure   Level  Hunger
a - Flame Tongue          Conj/Fire      ###..        2%          1    None

Your spell library contained the following spells:

 Spells                   Type           Power        Failure   Level  Hunger
 Magic Dart               Conj           ###.         2%          1    None
 Throw Flame              Conj/Fire      ###...       3%          2    ##.....
 Conjure Flame            Conj/Fire      ###.....     8%          3    ###....
 Inner Flame              Hex/Fire       ##......     19%         3    ###....
 Blink                    Tloc           N/A          22%         2    ##.....
 Call Imp                 Summ           #.......     22%         2    ##.....
 Slow                     Hex            #.......     22%         2    ##.....
 Mephitic Cloud           Conj/Pois/Air  #.......     24%         3    ###....
 Sticky Flame             Conj/Fire      ###.....     24%         4    ####...
 Fireball                 Conj/Fire      ###.......   56%         5    ######.


Dungeon Overview and Level Annotations

Branches:
Dungeon (4/15)
 Temple: D:4-7

Altars:


Innate Abilities, Weirdness & Mutations

You cannot wear most types of armour.
You are very stealthy in the water. (Stealth+)
You are amphibious.
You can wear up to eight rings at the same time.
You can use your tentacles to constrict eight enemies at once.
Your skin changes colour to match your surroundings (Stealth+).
Your rubbery body absorbs attacks. (AC +1, EV +1)


Message History

Deactivating autopickup; reactivate with Ctrl-A.
Evoke which item? (* to show all) (? for menu, Esc to quit)
Aiming: Cloud Cone
Press: ? - help, Dir - move target cursor You create a blast of noxious fumes!
The ogre is engulfed in poison gas.
The ogre is poisoned.
Something hits you.
* * * LOW HITPOINT WARNING * * *
You feel better.
The ogre is engulfed in poison gas.
The ogre looks even sicker.
The ogre barely misses you.
Casting: Flame Tongue (safe; 2% risk of failure)
Confirm with . or Enter, or press ? or * to list all spells.
Aiming: Flame Tongue (safe; 2% risk of failure)
Press: ? - help, Shift-Dir - straight line, f - ogre
Aim: an ogre, wielding a +0 giant spiked club (poison gas, moderately wounded, poisoned)
The flame tongue hits the ogre.
The ogre is heavily wounded.
The ogre is engulfed in poison gas.
The ogre looks even sicker.
The ogre hits you with a +0 giant spiked club!!
Ouch! That really hurt!
You die...

#.^...######+#######'##.......#
......................#.......#
......O...............#.......#
......................#.......#
......................#####'####
#######'###########............#
#...........○☼.§§§#............#
#............°§O§.#............#
#....)........##@.#....÷.......#
#.......##....#####............#
#...#.........# ##############
#...#..###....# #......#[#....#
#....###.###..# #....# .o
#....#o# #.....


You could see an ogre.

Vanquished Creatures
  Sigmund (D:4)
  A scorpion (D:4)
  An orc wizard (D:4)
  A worker ant (D:4)
  5 adders
  9 oozes (D:2)
  A dart slug (D:2)
  2 leopard geckos
  3 orcs
  A ball python (D:2)
  8 bats
  2 giant cockroaches
  8 goblins
  4 hobgoblins
  6 jackals
  4 quokkas
  3 frilled lizards
  12 kobolds
  9 rats
81 creatures vanquished.

Vanquished Creatures (others)
  4 fungi (D:2)
  9 toadstools (D:2)
13 creatures vanquished.

Grand Total: 94 creatures vanquished

Notes
Turn   | Place    | Note
-------+----------+-------------------------------------------
     0 | D:1      | MisterFreud the Octopode Fire Elementalist began the quest
                  | for the Orb.
     0 | D:1      | Reached XP level 1. HP: 11/11 MP: 3/3
   446 | D:1      | Reached XP level 2. HP: 16/17 MP: 5/5
  1055 | D:2      | Reached XP level 3. HP: 12/21 MP: 2/6
  1910 | D:2      | Reached skill level 3 in Stealth
  1910 | D:2      | Reached XP level 4. HP: 21/27 MP: 4/7
  2145 | D:2      | Reached XP level 5. HP: 31/31 MP: 8/8
  3075 | D:4      | Noticed a sky beast
  3137 | D:4      | Reached skill level 4 in Stealth
  3235 | D:4      | Reached XP level 6. HP: 36/36 MP: 10/10
  3293 | D:4      | Got a sparkling tin ring
  3294 | D:4      | Identified the ring "Baetweudgh" {rElec rPois rF+ Stlth-}
                  | (You found it on level 4 of the Dungeon)
  3395 | D:4      | Noticed Sigmund
  3405 | D:4      | Killed Sigmund
  3470 | D:4      | Reached skill level 5 in Stealth
  3470 | D:4      | HP: 1/36 [something (5)]
  3477 | D:4      | Mangled by an ogre

Levels and vault maps discovered:
D:1:      onia_arrival_pentagram, layout_loops_ring, minmay_tromino_v4_c
D:2:      cheibrodos_fertilizer, layout_basic, first_ration,
          hangedman_abyss_or_decor_lesser_grid
D:3:      layout_rooms
D:4:      layout_gridville, minmay_a_box_with_orc_wizards_in_it, uniq_sigmund,
          uniq_crazy_yiuf_cottage

Skill      XL: |  1  2  3  4  5  6 |
---------------+-------------------+-----
Conjurations   | 2 3 4 |  4.3
Stealth        | 3 4 5 |  5.0
Spellcasting   | 3 |  3.4
Fire Magic     | 4 |  4.3
Dodging        | |  2.0

Action                   |  1- 3 |  4- 6 || total
-------------------------+-------+-------++-------
Melee: Unarmed           |    21 |       ||    21
       Constrict         |    26 |    14 ||    40
       Tentacles         |    12 |     7 ||    19
       Dagger            |    69 |       ||    69
       Short sword       |    11 |    98 ||   109
 Cast: Flame Tongue      |     8 |     9 ||    17
Evoke: Wand              |       |     2 ||     2
  Use: Scroll            |     2 |     6 ||     8
       Potion            |       |     4 ||     4
 Stab: Sleeping          |     9 |    12 ||    21
  Eat: Chunk             |     3 |     5 ||     8
Armor: Skin              |     6 |     7 ||    13
Dodge: Dodged            |    85 |    98 ||   183

Table legend:
 A = Non-vault XP
 B = Vault XP
 C = Vault XP percentage of total XP
 D = Non-vault monster count
 E = Vault monster count
 F = Vault count percentage of total count
                 A         B        C        D         E       F
            +---------+---------+-------+---------+---------+-------
      Total |     264 |     348 |  56.9 |      63 |      18 |  22.2
            +---------+---------+-------+---------+---------+-------
        D:1 |      23 |       1 |   4.2 |      15 |       1 |   6.2
        D:2 |      70 |      74 |  51.4 |      27 |      15 |  35.7
        D:3 |      52 |       0 |   0.0 |      15 |       0 |   0.0
        D:4 |     119 |     273 |  69.6 |       6 |       2 |  25.0
            +---------+---------+-------+---------+---------+-------
